Cogmind - Beta 14 X2 @@@ ROGUE MODE // 2024.08.01 @ 20:58:32 Player: UnifiBg Result: Destroyed by exploding Power Conduit Performance ------------- Evolutions (3) 1500 Regions Visited (5) 1000 Robots Destroyed (58) 290 Value Destroyed (1588) 1588 Prototype IDs (0) 0 Alien Tech Used (0) 0 Bonus (37) 37 TOTAL SCORE: 4415 Bonus ------- High Alert Combat Kills 37 Cogmind --------- Core Integrity 0/700 Matter 207/300 Energy 100/100 System Corruption 4% Temperature Cool (36) Movement Core (200) Ox3 Location -7/Factory Parts ------- > --- POWER (1) -------- (None) > --- PROPULSION (5) --- (None) > --- UTILITY (5) ------ Medium Storage Unit Structural Scanner > --- WEAPON (2) ------- (None) > --- INVENTORY (10) --- Light Ion Engine Improved Ion Engine Improved Heat Sink Shock Rifle Shock Rifle Plasma Cannon Heavy Ion Cannon Mining Claw Peak State ------------ > --- POWER ------------ Micro Nuclear Core > --- PROPULSION ------- Wheel Wheel Compact Wheel Compact Wheel Armored Wheel > --- UTILITY ---------- Thermal Generator Medium Storage Unit Structural Scanner Improved Sensor Array Improved Medium Armor Plating > --- WEAPON ----------- Heavy Ion Cannon Minigun > --- INVENTORY -------- Light Ion Engine Improved Ion Engine Light Armor Plating Recalibrator Plasma Cannon Autogun High-powered Shotgun Gauss Rifle Mini Grenade Launcher Mining Claw [Rating: 31] Favorites ----------- Power Ion Engine Engine Ion Engine Power Core Light Nuclear Core Propulsion Wheel Treads Medium Treads Leg Aluminum Leg Wheel Wheel Utility Small Storage Unit Device Structural Scanner Storage Small Storage Unit Protection Light Armor Plating Weapon Heavy Assault Rifle Energy Gun Medium Laser Energy Cannon Heavy Ion Cannon Ballistic Gun Heavy Assault Rifle Ballistic Cannon Improved Light Cannon Launcher Rocket Launcher Slashing Weapon Mining Claw Build | -11 -10 -9 -9 -8 -7 ------- Run | Yrd Mat Mat Min Mat Fac Slots Evolved 6 | . . 2 . 2 2 Power . | . . . . . . Propulsion 3 | . . 1 . 1 1 Utility 3 | . . 1 . 1 1 Weapon . | . . . . . . Parts Attached 78 | 10 3 15 9 17 24 Power 10 | 1 . 1 2 2 4 Engine 7 | 1 . 1 2 2 1 Core 3 | . . . . . 3 Reactor . | . . . . . . Propulsion 24 | 3 . 5 6 4 6 Treads 1 | . . . . . 1 Leg 2 | . . . . . 2 Wheel 21 | 3 . 5 6 4 3 Hover . | . . . . . . Flight . | . . . . . . Utility 17 | 3 . 1 1 8 4 Device 7 | 2 . 1 1 1 2 Storage 4 | 1 . . . 3 . Processor . | . . . . . . Hackware . | . . . . . . Protection 6 | . . . . 4 2 Artifact . | . . . . . . Weapon 27 | 3 3 8 . 3 10 Energy Gun 3 | 2 . . . . 1 Energy Cannon 1 | . . . . . 1 Ballistic Gun 15 | 1 . 5 . 3 6 Ballistic Cannon 2 | . 2 . . . . Launcher 4 | . . 3 . . 1 Special Weapon . | . . . . . . Impact Weapon . | . . . . . . Slashing Weapon 2 | . 1 . . . 1 Piercing Weapon . | . . . . . . Special Melee Weapon . | . . . . . . Unidentified Prototypes . | . . . . . . Parts Lost 31 | . . 5 2 1 23 Power 3 | . . 1 . . 2 Propulsion 16 | . . 3 2 1 10 Utility 5 | . . . . . 5 Weapon 7 | . . 1 . . 6 Highest Loss Streak 13 | . . 2 2 1 13 To Critical Strikes . | . . . . . . Average Slot Usage (%) 93 | . 100 93 93 99 87 Engine 8 | . 14 11 11 9 4 Wheel 30 | . 28 29 27 35 27 Device 19 | . 14 19 22 20 20 Storage 9 | . 14 11 11 9 7 Protection 3 | . . . . 5 5 Ballistic Gun 13 | . 14 9 22 18 13 Ballistic Cannon 3 | . 11 7 . . . Launcher 1 | . . 5 . . . Naked Turns . | . . . . . . Heaviest Build 43 | 14 16 20 18 32 43 Greatest Support 64 | 26 20 42 42 42 64 Greatest Overweight (x) 6 | . . . 1 . 6 Average Overweight (x) . | . . . . . . Largest Inventory Capacity 25 | 8 8 8 8 25 10 Average Capacity 8 | 7 8 8 8 8 10 Most Carried 10 | 8 8 8 8 10 10 Average Carried 8 | 4 8 7 7 7 8 Final Capacity 10 | 8 8 8 8 10 10 Final Carried 10 | 8 8 8 8 10 8 Class Distribution -------------------- 64% | Scavenger-Mutant 35% | Mutant Dominant Class ---------------- Mutant | -10/Materials Mutant | -9/Materials Scavenger-Mutant | -9/Mines Scavenger-Mutant | -8/Materials Scavenger-Mutant | -7/Factory Resources | -11 -10 -9 -9 -8 -7 ----------- Run | Yrd Mat Mat Min Mat Fac Matter Collected 1892 | 304 . 526 233 401 428 Remotely 749 | . . 468 233 48 . Salvage Created 1600 | 127 . 411 39 383 640 Parts 131 | 10 . 44 . 37 40 Haulers Intercepted . | . . . . . . Recyclers Shooed 2 | . . . . . 2 Parts Field Recycled . | . . . . . . Retrieved Matter . | . . . . . . Parts Self-Destructed . | . . . . . . Prevented . | . . . . . . Kills | -11 -10 -9 -9 -8 -7 ------- Run | Yrd Mat Mat Min Mat Fac Combat Hostiles Destroyed 52 | . . 20 6 13 13 Guns 32 | . . 5 6 13 8 Cannons 5 | . . 4 . . 1 AOE 15 | . . 11 . . 4 Classes Destroyed 11 | 3 . 4 1 . 3 Worker 4 | 1 . 3 . . . Builder 3 | . . 2 . . 1 Tunneler 1 | 1 . . . . . Recycler 3 | 1 . . . . 2 Mechanic 1 | . . . . . 1 Swarmer 20 | . . 9 . 8 3 Grunt 15 | . . 7 . 1 7 Sentry 8 | . . 4 . 4 . Specialist 1 | . . . . . 1 Programmer 2 | . . . . . 2 Assembled 6 | . . . 6 . . Best Kill Streak 8 | 2 . 8 6 7 4 Combat Bots Only 7 | . . 4 6 7 3 Max Kills in Single Turn 3 | 1 . 3 1 2 2 Gunslinging 1 | . . . . 1 . Exploded 3 | . . 3 . . 2 Melee . | . . . . . . Uniques/NPCs Destroyed . | . . . . . . Combat | -11 -10 -9 -9 -8 -7 -------- Run | Yrd Mat Mat Min Mat Fac Hostile Shots Fired 384 | . . 82 15 82 205 Missed 102 | . . 21 5 21 55 Damage Taken 4193 | . . 679 147 710 2657 Core 1076 | . . 135 10 193 738 Absorbed by Shields . | . . . . . . Core Remaining (%) 81 | 100 100 . 63 64 . Volleys Fired 173 | 14 20 41 11 34 53 Largest 2 | 2 1 2 2 2 2 Hottest 90 | 70 20 72 46 48 90 Shots Fired 324 | 28 20 81 22 68 105 Gun 262 | 28 20 37 22 68 87 Cannon 37 | . . 23 . . 14 Launcher 25 | . . 21 . . 4 Special . | . . . . . . Kinetic 268 | 14 20 60 22 68 84 Thermal 29 | 12 . . . . 17 Explosive 25 | . . 21 . . 4 Electromagnetic 2 | 2 . . . . . Robot Hit Streak 9 | 3 . 8 6 9 7 Robot Miss Streak 7 | 4 . 7 5 6 7 Penetration Max 1 | . . . . . 1 Secondary Targets 3 | . . 1 . 2 . Max Gunslinging Chain 1 | . . 1 . 1 . Shots Hit Robots 166 | 14 . 33 13 45 61 Core Hits 101 | 4 . 32 9 21 35 Critical Kills . | . . . . . . Critical Parts Destroyed . | . . . . . . Critical Strikes 2 | 1 . 1 . . . Burn 1 | 1 . . . . . Blast 1 | . . 1 . . . Melee Attacks 1 | . . . . . 1 Impact . | . . . . . . Slashing 1 | . . . . . 1 Piercing . | . . . . . . Sneak Attacks . | . . . . . . Combat Hostiles . | . . . . . . Follow-up Attacks . | . . . . . . Damage Inflicted 4093 | 156 . 1594 170 712 1461 Guns 2273 | 156 . 242 170 705 1000 Cannons 500 | . . 308 . . 192 Explosions 1311 | . . 1044 . . 267 Melee . | . . . . . . Ramming 9 | . . . . 7 2 Kinetic 2452 | 45 . 550 170 705 982 Thermal 321 | 111 . . . . 210 Explosive 1311 | . . 1044 . . 267 Electromagnetic . | . . . . . . Impact . | . . . . . . Slashing . | . . . . . . Piercing . | . . . . . . Highest Corruption 4 | . . . . . 4 Average Corruption 2 | . . . . . 2 Corruption Purged . | . . . . . . Corruption Blocked . | . . . . . . Effects 5 | . . . . . 5 Message Errors 1 | . . . . . 1 Matter Fused 3 | . . . . . 3 Energy Discharges 1 | . . . . . 1 Overload Shots . | . . . . . . Overflow Damage 72 | . . 60 . . 12 Projectiles . | . . . . . . Explosions 72 | . . 60 . . 12 Melee . | . . . . . . Knockbacks 1 | . . 1 . . . Impact . | . . . . . . Kinetic 1 | . . 1 . . . Secondary . | . . . . . . Self-Inflicted Damage 92 | . . 10 . 3 79 Shots 3 | . . 1 . . 2 Rammed 1 | . . . . 1 . Targets Rammed 2 | . . . . 1 1 Kicked 1 | . . . . . 1 Crushed . | . . . . . . Highest Temperature 310 | 100 . 51 . 67 310 Average Temperature 64 | 39 . 16 . 14 141 Received Heat Transfer 1110 | . . 177 . 198 735 Siege Activations . | . . . . . . Robots Corrupted . | . . . . . . Combat Hostiles . | . . . . . . Parts Fried . | . . . . . . Impact Corruptions . | . . . . . . Robots Melted . | . . . . . . Combat Hostiles . | . . . . . . Parts Melted 2 | . . . . . 2 Heat Transferred 703 | 407 . . . . 296 Parts Sabotaged . | . . . . . . Parts Stolen . | . . . . . . Parts Stripped . | . . . . . . Power Chain Reactions . | . . . . . . Alert | -11 -10 -9 -9 -8 -7 ------- Run | Yrd Mat Mat Min Mat Fac Peak Influence 723 | 15 9 723 281 215 198 Initial 281 | . 9 3 281 101 97 Average 159 | 3 9 343 269 112 79 Maximum Alert Level 3 | . . 3 1 1 . Low Security (%) 69 | 100 100 20 . 83 100 Level 1 21 | . . 44 100 16 . Level 2 8 | . . 30 . . . Level 3 1 | . . 4 . . . Level 4 . | . . . . . . Level 5 . | . . . . . . High Security . | . . . . . . Max Security . | . . . . . . Squads Dispatched 6 | . . 1 . 1 4 Investigation . | . . . . . . Extermination 2 | . . . . . 2 Reinforcement 4 | . . 1 . 1 2 Assault . | . . . . . . Garrison . | . . . . . . Intercept . | . . . . . . Searches Triggered . | . . . . . . Construction Impeded 1 | . . . . . 1 Haulers Reinforced . | . . . . . . Active Scanning Responses . | . . . . . . Cargo Convoy Interrupts 1 | . . . . . 1 Stealth | -11 -10 -9 -9 -8 -7 --------- Run | Yrd Mat Mat Min Mat Fac Distress Signals 3 | . . 2 . 1 . Communications Jammed . | . . . . . . Distress Signals . | . . . . . . Times Spotted 101 | . . 34 10 20 37 Peak Tracking Total 11 | . . 5 7 7 11 Tactical Retreats 7 | . . 4 1 1 1 Traps | -11 -10 -9 -9 -8 -7 ------- Run | Yrd Mat Mat Min Mat Fac Traps Triggered . | . . . . . . Indirectly . | . . . . . . Trap Hack Attempts . | . . . . . . Triggered . | . . . . . . Disarmed . | . . . . . . Reprogrammed . | . . . . . . Reused . | . . . . . . Traps Extracted . | . . . . . . Installed . | . . . . . . Triggered . | . . . . . . Machines | -11 -10 -9 -9 -8 -7 ---------- Run | Yrd Mat Mat Min Mat Fac Machines Disabled 8 | . . 5 . . 3 Max in Single Turn 1 | . . 1 . . 1 Garrison Access 1 | . . . . 1 . Machines Repaired . | . . . . . . Machines Dismantled . | . . . . . . Machines Sabotaged . | . . . . . . Overloaded Fab Kills . | . . . . . . Hacking | -11 -10 -9 -9 -8 -7 --------- Run | Yrd Mat Mat Min Mat Fac Machines Accessed 12 | . 1 2 . 7 2 Terminals 10 | . 1 2 . 6 1 Fabricators . | . . . . . . Repair Stations . | . . . . . . Recycling Units . | . . . . . . Scanalyzers . | . . . . . . Garrison Access 2 | . . . . 1 1 Total Hacks 29 | . 2 5 . 19 3 Successful 14 | . . 3 . 10 1 Failed 15 | . 2 2 . 9 2 Catastrophic 3 | . . . . 1 2 Database Lockouts . | . . . . . . Manual 15 | . 2 3 . 9 1 Terminals 26 | . 2 5 . 17 2 Fabricators . | . . . . . . Repair Stations . | . . . . . . Recycling Units . | . . . . . . Scanalyzers . | . . . . . . Garrison Access 3 | . . . . 2 1 Terminal Hacks 9 | . . 1 . 7 1 Robot Analysis 1 | . . . . 1 . Repair Station Index 1 | . . 1 . . . Alert Level 1 | . . . . 1 . Unreport Threat 2 | . . . . 2 . Locate Traps 1 | . . . . 1 . Assault Status 1 | . . . . . 1 Zone Layout 2 | . . . . 2 . Fabricator Hacks . | . . . . . . Repair Station Hacks . | . . . . . . Recycling Unit Hacks . | . . . . . . Scanalyzer . | . . . . . . Garrison Access Hacks 1 | . . . . 1 . Seal Access 1 | . . . . 1 . Unauthorized Hacks 4 | . . 2 . 2 . Terminals 4 | . . 2 . 2 . Botnet 4 | . . 2 . 2 . Fabricators . | . . . . . . Repair Stations . | . . . . . . Recycling Units . | . . . . . . Scanalyzers . | . . . . . . Garrison Access . | . . . . . . Data Cores Recovered . | . . . . . . Used . | . . . . . . Hacking Detections 11 | . 1 1 . 7 2 Full Trace Events 1 | . . . . 1 . Feedback Events . | . . . . . . Feedback Blocked . | . . . . . . Robot Schematics Acquired . | . . . . . . Robots Built . | . . . . . . Authchips . | . . . . . . Time . | . . . . . . Total Robot Build Rating . | . . . . . . Part Schematics Acquired . | . . . . . . Parts Built . | . . . . . . Authchips . | . . . . . . Time . | . . . . . . Total Part Build Rating . | . . . . . . Parts Repaired . | . . . . . . Time . | . . . . . . Parts Recycled . | . . . . . . Recycled Matter . | . . . . . . Retrieved Matter . | . . . . . . Retrieved Components . | . . . . . . Parts Scanalyzed . | . . . . . . Part Schematics Acquired . | . . . . . . Parts Damaged . | . . . . . . Bothacking | -11 -10 -9 -9 -8 -7 ------------ Run | Yrd Mat Mat Min Mat Fac Used RIF Installer . | . . . . . . Robots Hacked . | . . . . . . Non-combat . | . . . . . . Combat . | . . . . . . Robot Hacks Applied . | . . . . . . Relay Couplers Released . | . . . . . . Fabnet Peak Effective % . | . . . . . . Robots Rewired . | . . . . . . Allies Hacked . | . . . . . . Hacks Repelled . | . . . . . . Allies | -11 -10 -9 -9 -8 -7 -------- Run | Yrd Mat Mat Min Mat Fac Total Allies . | . . . . . . Largest Group . | . . . . . . Highest-Rated Group . | . . . . . . Highest-Rated Ally . | . . . . . . Total Orders . | . . . . . . Ally Attacks . | . . . . . . Total Damage . | . . . . . . Kills . | . . . . . . Allies Corrupted . | . . . . . . Allies Melted . | . . . . . . Intel | -11 -10 -9 -9 -8 -7 ------- Run | Yrd Mat Mat Min Mat Fac Robot Analysis Total 1 | . . . . 1 . Derelict Logs Recovered . | . . . . . . Drone Launches . | . . . . . . Drone Recoveries . | . . . . . . Exploration | -11 -10 -9 -9 -8 -7 ------------- Run | Yrd Mat Mat Min Mat Fac Turns Passed 2848 | 144 246 773 173 591 921 Spaces Moved 2407 | 93 253 680 131 524 726 Core 16 | 6 . . . . 10 Treads 14 | . . . . . 14 Legs 21 | . . . . . 21 Wheels 2356 | 87 253 680 131 524 681 Hover . | . . . . . . Flight . | . . . . . . Fastest Speed 50 | 50 80 80 80 80 82 Average Speed 86 | 86 80 82 91 81 95 Slowest Speed 350 | 100 80 93 115 82 350 Overloaded Moves . | . . . . . . Propulsion Burnouts . | . . . . . . Robots Hopped . | . . . . . . Cave-ins Triggered . | . . . . . . Exploration Rate (%) 23 | 6 35 35 19 34 14 Regions Visited 5 Branch Regions 1 Pre-discovered Areas 1 | . . . 1 . . Known Exits Taken . | . . . . . . Unknown Exits Taken 5 | 1 1 1 1 1 . Scrap Searched . | . . . . . . Spaces Dug . | . . . . . . Terrain Destroyed 187 | . . 168 . . 19 Melee . | . . . . . . Projectile 4 | . . 3 . . 1 AOE 183 | . . 165 . . 18 Terrain Rammed . | . . . . . . Walls Destroyed . | . . . . . . Machines Disabled . | . . . . . . Actions | -11 -10 -9 -9 -8 -7 --------- Run | Yrd Mat Mat Min Mat Fac Total 2873 | 127 280 810 166 630 860 Wait 130 | . . 64 1 33 32 Move 2402 | 92 252 679 130 523 726 Hop . | . . . . . . Pick Up 42 | 9 2 7 4 8 12 Fast Attach 19 | 7 1 1 3 1 6 Attach 17 | 1 . 6 . 2 8 Detach . | . . . . . . Swap 42 | 2 2 8 6 14 10 Drop 45 | 2 3 4 11 14 11 Fire 173 | 14 20 41 11 34 53 Melee 1 | . . . . . 1 Ram 1 | . . . . 1 . Kick 1 | . . . . . 1 Crush . | . . . . . . Escape Stasis . | . . . . . . Rewire . | . . . . . . Trap . | . . . . . . Miscellaneous . | . . . . . . Route ------- -11/Scrapyard -10/Materials -9/Materials (discovered 2 exits: [*Min] / [*Sto]) -9/Mines -8/Materials -7/Factory History --------- Turn | Location | Event 16 | -11/Scrapyard | Discovered new exit (range 15) 145 | -11/Scrapyard | Entered Materials 312 | -10/Materials | Build established: Mutant 348 | -10/Materials | Discovered new exit (range 16) 391 | -10/Materials | Entered another Materials area 391 | -9/Materials | Evolved 2 slots: Propulsion x1, Utility x1 412 | -9/Materials | Discovered new exit (range 15) 1090 | -9/Materials | Build established: Scavenger-Mutant 1095 | -9/Materials | Discovered new exit (range 11) 1164 | -9/Materials | Entered Mines 1206 | -9/Mines | Assembled infested the area 1217 | -9/Mines | Met a Derelict bent on vengeance 1293 | -9/Mines | Discovered new exit (range 10) 1314 | -9/Mines | Learned location of Storage (-9) 1337 | -9/Mines | Entered Materials 1337 | -8/Materials | Evolved 2 slots: Propulsion x1, Utility x1 1784 | -8/Materials | Discovered new exit (range 12) 1874 | -8/Materials | Destroyed 7 combat bots 1928 | -8/Materials | Entered Factory 1928 | -7/Factory | Evolved 2 slots: Propulsion x1, Utility x1 2726 | -7/Factory | Lost 13 parts (1p5n4u3w) 2830 | -7/Factory | Cargo convoy interrupted 2842 | -7/Factory | Core integrity fell below 50% 2849 | -7/Factory | Destroyed by exploding Power Conduit Last Messages --------------- 02844_ Hpw. Shotgun destroyed. 02846_ Aluminum Leg destroyed. 02847_ Slug penetrates Wall. 02848_ Particle Gun destroyed. 02848_ K-01 Serf destroyed. 02849_ Power Conduit explodes. 02849_ K-01 Serf destroyed. 02849_ Power Conduit explodes. 02849_ P-60 Hacker destroyed. 02849_ K-01 Serf destroyed. 02849_ X-57 Shotgunner destroyed. 02849_ K-01 Serf destroyed. 02849_ Angular Momentum Engine melted. 02849_ Lrg. Matter Pod melted. 02849_ X-67 Chaingunner destroyed. 02849_ Power Conduit explodes. 02849_ K-01 Serf destroyed. 02849_ P-60 Hacker destroyed. 02849_ U-05 Engineer destroyed. 02849_ P-60 Hacker destroyed. Map ----- +----------------------------------------------------+ | ?????????????############### + """"" | | ?????????????## # # """"" | | ?????????????## # # """ | | ?????????????## """"""" / # | | ?????????????## """"""" ########## | | ?????????????## """"""" # | | ?????????????## """"""" !# === | | ?????????????## # === | | ?????????????##= """"""" # == | | ?????????????## """"""" # | | ?????????????## """"""" # | | ?????????????## * """"""" # ###### | | ??????? ###### # ############## | | ???????##############+###### ###########?## | | ??????? ##??????????## | | ???????? ##??????????## | | ??????? ##??????????## | | ??????? ##??????????## | | ?????? % mk ##??????????## | | ?????? %*[=mu x #####???????## | | ?????? ==hkhm o ##########??## | | ????????????######;[%%;;;;;###+### ############ | | ???????????? # =%=[%%% " #[ ##### | | ???????????? # *=%! %= # ##??? | | ???????????? # != [ g # """" ##??? | | ???????????? # = @ # " """ ##??? | | ????????????## + """" """" ##??? | | ????????????## # """" """" ##??? | | ????????????## # """" """" ? ##??? | | ???????????? # # """" """" ????????? | | ???????????? # # ?????????? | | ???????????? # # ??????????? | | ???????????? #######; ;;###########??????????? | | ???????????? ############ ###########??????????? | | ?????????????????????????????????????????????????? | | ?????????????????????????????????????????????????? | | ?????????????????????????????????????????????????? | | ?????????????????????????????????????????????????? | | ?????????????????????????????????????????????????? | | ?????????????????????????????????????????????????? | | ?????????????????????????????????????????????????? | | ?????????????????????????????????????????????????? | | ?????????????????????????????????????????????????? | | ?????????????????????????????????????????????????? | | ?????????????????????????????????????????????????? | | ?????????????????????????????????????????????????? | | ?????????????????????????????????????????????????? | | ?????????????????????????????????????????????????? | | ?????????????????????????????????????????????????? | | ?????????????????????????????????????????????????? | +----------------------------------------------------+ Best States ------------- Heat Dissipation 34 Energy Generation 15 Energy Capacity 250 Matter Stores 300 Matter Capacity 300 Sight Range 16 Robot Scan Range 15 Terrain Scan Range 16 Terrain Scan Density 10 Armor Coverage 375 Evasion (%) 44 Recoil Reduction 1 Item Schematics ----------------- None Robot Schematics ------------------ None Fabricated ------------ Nothing Alien Tech Used ----------------- None Achievements -------------- I Survived The Infestation Challenges ------------ None Game ------ Seed CorruptionInsulationWarhead Manual? 0 Play Time 00:41:46 Cumulative 8.0 hours Start 2024.08.01 @ 20:16:21 End 2024.08.01 @ 20:58:32 Sessions 1 Manual Loads 0 Difficulty Rogue Special Mode None Game No. 9 Rogue 9 Adventurer 0 Explorer 0 Win Type - Total 0 Types 0/0/0/0/0/0/0/0/0 Lore% 8 Gallery% 17 Achievement% 15 Wizard Run 0 Options --------- Layout 2 ASCII 0 Keyboard 1 Movement Arrows Keybinds 0 Fullscreen 2 Font 20/SmallcapsGlow Map View 56x54 Zoom Use 0% Tactical HUD 1 Map Filters NONE Filters NONE Steam X RUN: 3d6fb1fe-b0d7-4900-88a6-63327da2ab9f